[Event "36th Indian-ch U13 Open 2023"]
[Site "Secunderabad"]
[Date "2023.12.08"]
[Round "8.3"]
[White "Venkat, Raghav"]
[Black "Banik Hrishikesh Kumar"]
[Result "1-0"]
[ECO "C54"]
[WhiteElo "2205"]
[BlackElo "1627"]
[Annotator "RC"]
[PlyCount "199"]
[EventDate "2023.12.04"]
[EventType "swiss"]
[EventCountry "IND"]
[SourceTitle "playchess.com"]
[Source "ChessBase"]
[SourceQuality "1"]
[TimeControl "5400+30"]

1. e4 e5 2. Nf3 Nc6 3. Bc4 Bc5 4. c3 Nf6 5. d3 d6 6. O-O O-O 7. Re1 a5 8. h3 Be6 9. Bb5 Ba7 10. Nbd2 Ne7 11. Nf1 Ng6 12. Ng3 c6 13. Ba4 d5 14. exd5 Nxd5 15. Bc2 Re8 16. d4 exd4 17. Nxd4 Bd7 18. Rxe8+ Qxe8 19. Bd2 Qe5 20. Ndf5 Bxf5 21. Nxf5 Re8 22. Qf3 Qf6 23. Re1 Re6 24. Rxe6 Qe5 25. Re7 Ndxe7 26. Nxe7+ Nxe7 27. Qe4 Qxe4 28. Bxe4 f5 29. Bd3 Kf7 30. c4 Bb6 31. Kf1 Ke6 32. Bc3 g6 33. Ke2 Bc7 34. Ke3 Be5 35. Bxa5 Bxb2 36. a4 Be5 37. Bb6 Nc8 38. Bc5 b6 39. Ba3 c5 40. f4 Bd4+ 41. Kd2 Nd6 42. Ke2 Ne8 43. Bc1 h5 44. Bd2 Nf6 45. Kf3 Kf7 46. a5 bxa5 47. Bxa5 Ke6 48. Bc2 Ne8 49. Ba4 Nd6 50. Ke2 Ke7 51. Kd3 Ne4 52. Bc6 Nd6 53. Be1 Ne8 54. Kc2 Nf6 55. Kb3 Be3 56. g3 Kd6 57. Bf3 h4 58. g4 fxg4 59. hxg4 Bxf4 60. Bxh4 g5 61. Bf2 Be5 62. Ka4 Bd4 63. Bg3+ Be5 64. Be1 Ne8 65. Kb5 Nc7+ 66. Kb6 Ne6 67. Be4 Nd4 68. Bf2 Ne6 69. Be1 Nd4 70. Bd5 Bf4 71. Bf2 Be5 72. Be3 Bf4 73. Bf2 Be5 74. Be4 Bf4 75. Bd3 Be5 76. Kb7 Bh2 77. Be1 Kd7 78. Ba5 Bd6 79. Be4 Be7 80. Bd2 Kd6 81. Bd5 Bf6 82. Ba5 Kd7 83. Bc7 Be7 84. Be5 Bd6 85. Bf6 Be7 86. Bg7 Bd6 87. Kb6 Be7 88. Be5 Bd6 89. Bf6 Be7 90. Bxe7 Kxe7 91. Kxc5 Nc2 92. Bf3 Ke6 93. Kb6 Nd4 94. Bd1 Kd7 95. Ba4+ Kc8 96. Kc5 Ne2 97. Kd6 Ng3 98. Bc2 Nf1 99. c5 Ne3 100. Bb3 1-0

[Event "36th Indian-ch U13 Open 2023"]
[Site "Secunderabad"]
[Date "2023.12.08"]
[Round "8.3"]
[White "Venkat, Raghav"]
[Black "Banik Hrishikesh Kumar"]
[Result "*"]
[ECO "C54"]
[WhiteElo "2205"]
[BlackElo "1627"]
[Annotator "RC"]
[PlyCount "49"]
[EventDate "2023.12.04"]
[EventType "swiss"]
[EventCountry "IND"]
[SourceTitle "playchess.com"]
[Source "ChessBase"]
[SourceQuality "1"]
[TimeControl "5400+30"]

1. e4 e5 2. Nf3 Nc6 3. Bc4 Bc5 4. c3 Nf6 5. d3 d6 6. O-O O-O 7. Re1 a5 8. h3 Be6 9. Bb5 Ba7 10. Nbd2 Ne7 11. Nf1 Ng6 12. Ng3 c6 13. Ba4 d5 14. exd5 Nxd5 15. Bc2 Re8 16. d4 exd4 17. Nxd4 Bd7 18. Rxe8+ Qxe8 19. Bd2 Qe5 20. Ndf5 Bxf5 21. Nxf5 Re8 22. Qf3 Qf6 23. Re1 Re6 24. Re2 Rxe2 25. Be1 *

[Event "36th Indian-ch U13 Open 2023"]
[Site "Secunderabad"]
[Date "2023.12.08"]
[Round "8.4"]
[White "Shenvi, Mohit"]
[Black "Vihaan Dumir"]
[Result "1/2-1/2"]
[ECO "B12"]
[WhiteElo "1940"]
[BlackElo "1798"]
[Annotator "RC"]
[PlyCount "60"]
[EventDate "2023.12.04"]
[EventType "swiss"]
[EventCountry "IND"]
[SourceTitle "playchess.com"]
[Source "ChessBase"]
[SourceQuality "1"]
[TimeControl "5400+30"]

1. e4 c6 2. d4 d5 3. e5 c5 4. c3 Nc6 5. Nf3 cxd4 6. cxd4 Bg4 7. Be3 e6 8. Qb3 Nge7 9. Be2 Bxf3 10. Bxf3 Nf5 11. Qxb7 Ncxd4 12. Bd1 Be7 13. Bxd4 Nxd4 14. Ba4+ Kf8 15. Nc3 Qb8 16. Qxb8+ Rxb8 17. O-O-O Bc5 18. Rd3 Ke7 19. a3 Rhc8 20. b4 Bb6 21. Kb2 Rc4 22. f3 Rbc8 23. Rhd1 Nf5 24. Bb5 R4c7 25. Ba6 Rd8 26. Kb3 Ne3 27. R1d2 Nc4 28. Re2 Rb8 29. f4 Na5+ 30. Kb2 Nc4+ 1/2-1/2

[Event "36th Indian-ch U13 Open 2023"]
[Site "Secunderabad"]
[Date "2023.12.08"]
[Round "8.5"]
[White "Vatsal Singla"]
[Black "Sushanth Vaman Shetty"]
[Result "1/2-1/2"]
[ECO "C01"]
[WhiteElo "1714"]
[BlackElo "1620"]
[Annotator "NA RC"]
[PlyCount "136"]
[EventDate "2023.12.04"]
[EventType "swiss"]
[EventCountry "IND"]
[SourceTitle "playchess.com"]
[Source "ChessBase"]
[SourceQuality "1"]
[TimeControl "5400+30"]

1. e4 e6 2. d4 d5 3. Nc3 Bb4 4. exd5 exd5 5. Bd3 Be6 6. Nge2 Nf6 7. O-O O-O 8. Bg5 h6 9. Bh4 Bd6 10. Kh1 c6 11. f4 Bg4 12. h3 Bxe2 13. Nxe2 Nbd7 14. Ng3 Qc7 15. Qf3 g6 16. c4 dxc4 17. Bxc4 Kg7 18. Ne4 Nxe4 19. Qxe4 Rae8 20. Qf3 Nb6 21. Bb3 Be7 22. Bxe7 Qxe7 23. f5 Nd7 24. d5 cxd5 25. Bxd5 b6 26. Rf2 Nf6 27. Bc6 Rd8 28. fxg6 fxg6 29. Raf1 Qc5 30. Ba4 Qd5 31. Qxd5 Nxd5 32. Rxf8 Rxf8 33. Rd1 Nf6 34. Rc1 Rf7 35. Rc8 Rf8 36. Rc7+ Rf7 37. Rc8 Re7 38. Bb3 Ne4 39. Bc2 Nf6 40. Kg1 g5 41. Bb3 Ne4 42. Rc6 Nc5 43. Bc4 Re1+ 44. Kh2 Re7 45. b3 Ne4 46. Kg1 Nf6 47. Be6 Ne8 48. Kf2 Rc7 49. Bd5 Rd7 50. Be4 Nf6 51. Bc2 Rd2+ 52. Kf3 Nd5 53. Rg6+ Kf7 54. Be4 Nf6 55. Rxh6 Rxa2 56. Bd3 Rb2 57. Rh8 Rxb3 58. Ke3 Kg7 59. Ra8 Ra3 60. Kd4 Nd7 61. Bc4 Ra4 62. Kd5 Nf6+ 63. Ke6 Rxc4 64. Rxa7+ Kg6 65. Rb7 Rb4 66. Ke5 Rb5+ 67. Kd6 Rb2 68. Ke5 Re2+ 1/2-1/2

[Event "36th Indian-ch U13 Open 2023"]
[Site "Secunderabad"]
[Date "2023.12.08"]
[Round "8.6"]
[White "Gaikwad Manas"]
[Black "Darshan, V P S"]
[Result "1-0"]
[ECO "B33"]
[WhiteElo "1916"]
[BlackElo "1670"]
[Annotator "RC"]
[PlyCount "103"]
[EventDate "2023.12.04"]
[EventType "swiss"]
[EventCountry "IND"]
[SourceTitle "playchess.com"]
[Source "ChessBase"]
[SourceQuality "1"]
[TimeControl "5400+30"]

1. e4 c5 2. Nf3 Nc6 3. d4 cxd4 4. Nxd4 Nf6 5. Nc3 e5 6. Ndb5 d6 7. Bg5 a6 8. Bxf6 gxf6 9. Na3 b5 10. Nd5 Bg7 11. c3 f5 12. exf5 Bxf5 13. Nc2 O-O 14. Nce3 Be6 15. g3 f5 16. Bg2 Ra7 17. Qh5 Raf7 18. O-O f4 19. Be4 Bh8 20. Ng4 Bxg4 21. Qxg4+ Rg7 22. Qe6+ Rff7 23. Nf6+ Kf8 24. Nh5 Ne7 25. Nxg7 Bxg7 26. Rad1 Rf6 27. Qxe5 fxg3 28. fxg3 Qb6+ 29. Qd4 Qxd4+ 30. cxd4 h6 31. d5 Ke8 32. b3 b4 33. h4 a5 34. g4 Kf7 35. g5 Rf3 36. Rf2 Rxf2 37. Re1 Rf1+ 38. Rxf1+ Ke8 39. g6 Ng8 40. Rf7 Bf6 41. Bd3 Bd4+ 42. Kg2 Ne7 43. Bb5+ Kd8 44. g7 Bxg7 45. Rxg7 Nxd5 46. Rd7+ Kc8 47. Rxd6 Nc3 48. Bc4 Nxa2 49. Rxh6 Nc1 50. Rg6 Na2 51. h5 Nc3 52. h6 1-0

[Event "36th Indian-ch U13 Open 2023"]
[Site "Secunderabad"]
[Date "2023.12.08"]
[Round "8.7"]
[White "Sriram Adarsh Uppala"]
[Black "Aadik Theophane Lenin"]
[Result "1-0"]
[ECO "C10"]
[WhiteElo "1902"]
[BlackElo "1645"]
[Annotator "RC"]
[PlyCount "85"]
[EventDate "2023.12.04"]
[EventType "swiss"]
[EventCountry "IND"]
[SourceTitle "playchess.com"]
[Source "ChessBase"]
[SourceQuality "1"]
[TimeControl "5400+30"]

1. Nc3 d5 2. e4 dxe4 3. Nxe4 Nd7 4. d4 Ngf6 5. Nxf6+ Nxf6 6. Nf3 e6 7. Be3 Be7 8. g3 b6 9. Bg2 Bb7 10. O-O O-O 11. Ne5 Bxg2 12. Kxg2 Qd5+ 13. Qf3 c5 14. c4 Qxf3+ 15. Kxf3 Rac8 16. Rfd1 cxd4 17. Rxd4 Bc5 18. Rd3 Bxe3 19. Kxe3 Rfd8 20. Rad1 Rxd3+ 21. Rxd3 Kf8 22. b4 b5 23. cxb5 Nd5+ 24. Kd4 Nxb4 25. Rb3 Nxa2 26. Ra3 Nb4 27. Rxa7 f6 28. Nd7+ Ke8 29. Nb6 e5+ 30. Ke4 Rb8 31. Nc4 Kf8 32. b6 Nc6 33. Rc7 Ne7 34. b7 Ke8 35. Na5 Kd8 36. Rxe7 Kxe7 37. Nc6+ Kd6 38. Nxb8 Kc7 39. Nc6 Kxb7 40. Nxe5 fxe5 41. Kxe5 Kc7 42. Ke6 Kd8 43. Kf7 1-0

[Event "36th Indian-ch U13 Open 2023"]
[Site "Secunderabad"]
[Date "2023.12.08"]
[Round "8.8"]
[White "Vandan Alankar Sawai"]
[Black "Reyan"]
[Result "1/2-1/2"]
[ECO "B36"]
[WhiteElo "1619"]
[BlackElo "1842"]
[Annotator "NA RC"]
[PlyCount "61"]
[EventDate "2023.12.04"]
[EventType "swiss"]
[EventCountry "IND"]
[SourceTitle "playchess.com"]
[Source "ChessBase"]
[SourceQuality "1"]
[TimeControl "5400+30"]

1. e4 c5 2. Nf3 Nc6 3. d4 cxd4 4. Nxd4 g6 5. c4 Nf6 6. Nc3 d6 7. Be2 Nxd4 8. Qxd4 Bg7 9. Be3 O-O 10. Qd2 a5 11. O-O a4 12. Rad1 Qa5 13. Bd4 Be6 14. f4 Rfc8 15. b3 axb3 16. axb3 Kh8 17. f5 gxf5 18. exf5 Bd7 19. Qe3 Re8 20. Nd5 Nxd5 21. Bxg7+ Kxg7 22. Rxd5 Qa7 23. c5 Bc6 24. f6+ exf6 25. Rg5+ fxg5 26. Qxg5+ Kf8 27. Qh6+ Kg8 28. Qg5+ Kf8 29. Rxf7+ Kxf7 30. Bh5+ Ke6 31. Bg4+ 1/2-1/2

[Event "36th Indian-ch U13 Open 2023"]
[Site "Secunderabad"]
[Date "2023.12.08"]
[Round "8.9"]
[White "Siddhanth Poonja"]
[Black "Aarav Saish Amonkar"]
[Result "1-0"]
[ECO "D02"]
[WhiteElo "1806"]
[BlackElo "1624"]
[Annotator "NA RC"]
[PlyCount "87"]
[EventDate "2023.12.04"]
[EventType "swiss"]
[EventCountry "IND"]
[SourceTitle "playchess.com"]
[Source "ChessBase"]
[SourceQuality "1"]
[TimeControl "5400+30"]

1. d4 Nf6 2. Bf4 c5 3. e3 e6 4. Nf3 Nc6 5. Nbd2 d5 6. c3 Be7 {[%emt 0:01:13] 6...cxd4 is setting a new trend.} 7. h3 O-O 8. Bd3 Qb6 9. Rb1 c4 10. Bc2 {[%emt 0:03:53] [#]} Qd8 $146 ({Predecessor:} 10... Qa5 11. a3 b6 12. O-O b5 13. e4 dxe4 14. Nxe4 Nd5 15. Bg3 Rd8 16. Ne5 Nxe5 17. Bxe5 {0-1 Meth,A-Broszeit,J Rangliste 1600-1900 23407 2022}) 11. e4 b5 12. a3 a5 13. e5 Nd7 14. h4 g6 15. Rh3 Kg7 16. h5 Rh8 17. Rg3 b4 18. Ra1 bxc3 19. bxc3 Rb8 20. Ng5 Bxg5 21. Bxg5 Qc7 (21... Ne7 $142 22. Qg4 Rb2 23. Bf6+ Nxf6 24. exf6+ Kf8) 22. Qf3 Ncxe5 23. Bf6+ Nxf6 24. h6+ Kf8 25. Qxf6 Rg8 26. Qxe5 Qxe5+ 27. dxe5 Bd7 28. Nf3 Ke7 29. Ng5 Rb2 30. Kd1 Bc6 31. Rf3 Rf8 32. Kc1 $18 Rb6 33. Rf4 a4 34. Rb1 Ra6 35. Rb4 Ra7 36. Nxh7 Rh8 37. Ng5 Kf8 38. Rb8+ Be8 39. Bxg6 Rxh6 40. Bxf7 Rh1+ 41. Kd2 Ra1 42. Rxe8+ Kg7 43. Rg8+ Kh6 44. Rh4# 1-0

[Event "36th Indian-ch U13 Open 2023"]
[Site "Secunderabad"]
[Date "2023.12.08"]
[Round "9.1"]
[White "Adharsh K"]
[Black "Sharnarthi Viresh"]
[Result "0-1"]
[ECO "B99"]
[WhiteElo "1831"]
[BlackElo "1850"]
[Annotator "NA COMBH"]
[PlyCount "64"]
[EventDate "2023.12.04"]
[EventType "swiss"]
[EventCountry "IND"]
[SourceTitle "playchess.com"]
[Source "ChessBase"]
[SourceQuality "1"]
[TimeControl "5400+30"]

1. e4 c5 2. Nf3 d6 3. d4 cxd4 4. Nxd4 Nf6 5. Nc3 a6 6. Bg5 e6 7. f4 h6 8. Bh4 Be7 9. Qf3 Qc7 10. O-O-O Nbd7 11. Bd3 g5 12. fxg5 Ne5 13. Qe2 Nfg4 14. h3 hxg5 15. Bg3 Nf6 16. Nf3 Nh5 17. Bh2 b5 18. a3 Rb8 19. Rhf1 b4 20. axb4 Rxb4 21. Bxa6 Bxa6 22. Qxa6 O-O 23. Qe2 Nc4 24. Rd4 Rc8 25. Nd2 Nxd2 26. Qxd2 Rbb8 27. Bxd6 Bxd6 28. Rxd6 Qa5 29. Qd4 Rb4 30. Qf2 Nf4 31. Nb1 Qe5 32. Rd7 Qxb2+ 0-1

[Event "36th Indian-ch U13 Open 2023"]
[Site "Secunderabad"]
[Date "2023.12.08"]
[Round "9.2"]
[White "Sushanth Vaman Shetty"]
[Black "Venkat, Raghav"]
[Result "0-1"]
[ECO "C69"]
[WhiteElo "1620"]
[BlackElo "2205"]
[Annotator "RC"]
[PlyCount "100"]
[EventDate "2023.12.04"]
[EventType "swiss"]
[EventCountry "IND"]
[SourceTitle "playchess.com"]
[Source "ChessBase"]
[SourceQuality "1"]
[TimeControl "5400+30"]

1. e4 e5 2. Nf3 Nc6 3. Bb5 a6 4. Bxc6 dxc6 5. O-O f6 6. d4 exd4 7. Nxd4 c5 8. Nb3 Qxd1 9. Rxd1 Bg4 10. f3 Be6 11. Nc3 Bd6 12. Be3 b6 13. a4 O-O-O 14. a5 Kb7 15. axb6 cxb6 16. Bf4 Be7 17. Nd5 Bxd5 18. exd5 c4 19. Nd2 Bc5+ 20. Kh1 Ne7 21. Nxc4 Nxd5 22. Bd6 Bxd6 23. Rxd5 Bc5 24. Rad1 Rxd5 25. Rxd5 Kc6 26. Rd2 Re8 27. g4 Re6 28. b3 Kb5 29. Rd7 g5 30. Rxh7 Kb4 31. Nb2 Re1+ 32. Kg2 Re2+ 33. Kf1 Rxc2 34. Nd3+ Kxb3 35. h4 gxh4 36. Rxh4 a5 37. Ke1 a4 38. Kd1 Be3 39. g5 Rd2+ 40. Ke1 Rxd3 41. Ke2 Bxg5 42. Kxd3 Bxh4 43. f4 a3 44. Ke4 a2 45. Kf5 a1=Q 46. Kg6 Qg1+ 47. Kh7 f5 48. Kh6 Qg8 49. Kh5 Qg7 50. Kxh4 Qg4# 0-1

[Event "36th Indian-ch U13 Open 2023"]
[Site "Secunderabad"]
[Date "2023.12.08"]
[Round "9.3"]
[White "Vivaan Vijay Saraogi"]
[Black "Arnav Mahesh Koli"]
[Result "1/2-1/2"]
[ECO "B56"]
[WhiteElo "1982"]
[BlackElo "1769"]
[Annotator "RC"]
[PlyCount "110"]
[EventDate "2023.12.04"]
[EventType "swiss"]
[EventCountry "IND"]
[SourceTitle "playchess.com"]
[Source "ChessBase"]
[SourceQuality "1"]
[TimeControl "5400+30"]

1. e4 c5 2. Nf3 d6 3. d4 cxd4 4. Nxd4 Nf6 5. Nc3 e5 6. Nf3 h6 7. Bc4 Nc6 8. h3 Be6 9. Bb3 Qd7 10. Be3 Be7 11. Qe2 O-O 12. O-O-O Bxb3 13. axb3 Qc7 14. Kb1 Rfc8 15. g4 Nb4 16. Qb5 Nxc2 17. Kxc2 Nxe4 18. Qc4 Qxc4 19. bxc4 Rxc4 20. Kd3 Nxc3 21. Kxc4 Rc8+ 22. Kb3 Nxd1 23. Rxd1 b6 24. Rc1 Rxc1 25. Bxc1 Kf8 26. Kc4 Ke8 27. Kb5 Kd7 28. Ka6 Kc6 29. Kxa7 f6 30. Nh4 d5 31. Nf5 Bf8 32. h4 d4 33. f3 Kc5 34. b3 Kb4 35. Kxb6 Kxb3 36. Bd2 Kc2 37. Ba5 Kd3 38. h5 Ke2 39. Nh4 f5 40. Kc6 fxg4 41. fxg4 d3 42. Kd5 Be7 43. Ng6 Bd8 44. Bb4 d2 45. Bxd2 Kxd2 46. Kxe5 Ke3 47. Kf5 Bf6 48. Nf8 Kf3 49. Ne6 Kg3 50. Nc5 Kh4 51. Ne4 Bg5 52. Nc5 Kg3 53. Nd3 Bf6 54. Nf4 Kf3 55. Ne6 Kg3 1/2-1/2

[Event "36th Indian-ch U13 Open 2023"]
[Site "Secunderabad"]
[Date "2023.12.08"]
[Round "9.4"]
[White "Vihaan Dumir"]
[Black "Gaikwad Manas"]
[Result "1/2-1/2"]
[ECO "B23"]
[WhiteElo "1798"]
[BlackElo "1916"]
[Annotator "RC"]
[PlyCount "63"]
[EventDate "2023.12.04"]
[EventType "swiss"]
[EventCountry "IND"]
[SourceTitle "playchess.com"]
[Source "ChessBase"]
[SourceQuality "1"]
[TimeControl "5400+30"]

1. e4 c5 2. Nc3 a6 3. f4 b5 4. g3 Bb7 5. Bg2 e6 6. d3 b4 7. Nce2 d5 8. e5 h5 9. h3 Nh6 10. Be3 Qc7 11. Bf2 Be7 12. Nf3 O-O 13. Qd2 Nd7 14. O-O a5 15. c3 bxc3 16. bxc3 a4 17. Nh2 f6 18. d4 f5 19. Bf3 Nb6 20. Bxh5 Nc4 21. Qe1 Kh7 22. Bf3 cxd4 23. Nxd4 Qd7 24. h4 Ba6 25. Be2 Rfb8 26. g4 Rb2 27. Rd1 Na3 28. Rd2 Rb1 29. Rd1 Rb2 30. Rd2 Rb1 31. Rd1 Rb2 32. Rd2 1/2-1/2

[Event "36th Indian-ch U13 Open 2023"]
[Site "Secunderabad"]
[Date "2023.12.08"]
[Round "9.5"]
[White "Sriram Adarsh Uppala"]
[Black "Sherla Prathamesh"]
[Result "1-0"]
[ECO "D00"]
[WhiteElo "1902"]
[BlackElo "1726"]
[Annotator "RC"]
[PlyCount "95"]
[EventDate "2023.12.04"]
[EventType "swiss"]
[EventCountry "IND"]
[SourceTitle "playchess.com"]
[Source "ChessBase"]
[SourceQuality "1"]
[TimeControl "5400+30"]

1. d4 Nf6 2. Nc3 d5 3. Bf4 g6 4. e3 Bg7 5. h4 h5 6. Nf3 O-O 7. Ne5 c5 8. Qd2 Nc6 9. f3 cxd4 10. exd4 Bf5 11. Bb5 Rc8 12. Bxc6 bxc6 13. Na4 Nd7 14. Nxd7 Bxd7 15. Nc5 Re8 16. O-O-O e5 17. Bxe5 Rxe5 18. dxe5 Bxe5 19. Nxd7 Qxd7 20. c3 Qc7 21. Kb1 Rb8 22. g4 Qa5 23. Ka1 hxg4 24. h5 d4 25. hxg6 fxg6 26. Qg5 Qb5 27. Qxg6+ Bg7 28. Rd2 g3 29. cxd4 Qb4 30. Qxg3 Re8 31. Qg5 Qd6 32. Rg1 Re7 33. Rdg2 Qb4 34. Qxe7 Qxe7 35. Rxg7+ Qxg7 36. Rxg7+ Kxg7 37. Kb1 Kf6 38. Kc2 Kf5 39. Kd3 Kf4 40. b4 a6 41. a4 Kxf3 42. b5 axb5 43. axb5 cxb5 44. d5 b4 45. d6 b3 46. d7 b2 47. Kc2 b1=Q+ 48. Kxb1 1-0

[Event "36th Indian-ch U13 Open 2023"]
[Site "Secunderabad"]
[Date "2023.12.08"]
[Round "9.6"]
[White "Challa Saharsha"]
[Black "Mrinmoy Rajkhowa"]
[Result "1-0"]
[ECO "D00"]
[WhiteElo "1674"]
[BlackElo "1840"]
[Annotator "NA COMBH"]
[PlyCount "100"]
[EventDate "2023.12.04"]
[EventType "swiss"]
[EventCountry "IND"]
[SourceTitle "playchess.com"]
[Source "ChessBase"]
[SourceQuality "1"]
[TimeControl "5400+30"]

1. d4 Nf6 2. Nc3 d5 3. Bf4 g6 4. e3 Bg7 5. h4 c5 6. Nf3 Bg4 7. Be2 Nc6 8. Ne5 Bxe2 9. Qxe2 Nh5 10. Nxc6 bxc6 11. Be5 Bxe5 12. dxe5 Qb8 13. Qa6 O-O 14. O-O-O Qxe5 15. Qxc6 d4 16. Qe4 Qxe4 17. Nxe4 dxe3 18. fxe3 Rfc8 19. Rd7 f5 20. Nc3 Kf7 21. e4 Nf6 22. Rb7 fxe4 23. Re1 Rc6 24. Nxe4 Nxe4 25. Rxe4 Re6 26. Rf4+ Kg7 27. Rd7 a6 28. Rd5 Rc8 29. g4 Re2 30. g5 c4 31. Kd1 Re6 32. Kd2 Rc7 33. Rdd4 Rec6 34. Rde4 Rb6 35. Kc3 Rcb7 36. Re5 e6 37. a3 Rxb2 38. Rxe6 Ra2 39. Rxa6 Rc7 40. Ra4 h6 41. Ra6 hxg5 42. hxg5 Re7 43. Rxc4 Kf7 44. Rf4+ Ke8 45. Ra8+ Kd7 46. Ra7+ Ke8 47. Rxe7+ Kxe7 48. Kb3 Ra1 49. Rf6 Rb1+ 50. Ka2 Rg1 1-0

[Event "36th Indian-ch U13 Open 2023"]
[Site "Secunderabad"]
[Date "2023.12.08"]
[Round "9.7"]
[White "Shenvi, Mohit"]
[Black "Siddhanth Poonja"]
[Result "0-1"]
[ECO "B22"]
[WhiteElo "1940"]
[BlackElo "1806"]
[Annotator "COMBH"]
[PlyCount "76"]
[EventDate "2023.12.04"]
[EventType "swiss"]
[EventCountry "IND"]
[SourceTitle "playchess.com"]
[Source "ChessBase"]
[SourceQuality "1"]
[TimeControl "5400+30"]

1. e4 c5 2. c3 Nf6 3. e5 Nd5 4. d4 cxd4 5. cxd4 d6 6. exd6 e6 7. Nc3 Nxc3 8. bxc3 Bxd6 9. Bd3 Qc7 10. Bd2 Nd7 11. Nf3 Nf6 12. O-O O-O 13. Re1 b6 14. Ne5 Bb7 15. Rc1 Rac8 16. f4 g6 17. Qb3 a6 18. c4 Rfd8 19. Bc3 Bf8 20. a4 Nh5 21. Rf1 f6 22. Ng4 Nxf4 23. Nxf6+ Kh8 24. d5 Bg7 25. Bd4 Rf8 26. Bxb6 Qe5 27. Nd7 Qg5 28. Rc2 Rf7 29. dxe6 Bxg2 30. Rxf4 Bc6+ 31. Kf1 Rxf4+ 32. Ke1 Re8 33. Re2 Rf3 34. Qc2 Bxa4 35. Qxa4 Qc1+ 36. Qd1 Bc3+ 37. Rd2 Rxe6+ 38. Be2 Bxd2# 0-1

[Event "36th Indian-ch U13 Open 2023"]
[Site "Secunderabad"]
[Date "2023.12.08"]
[Round "9.8"]
[White "Reyan"]
[Black "Saisarvesh S"]
[Result "1-0"]
[ECO "B23"]
[WhiteElo "1842"]
[BlackElo "1594"]
[Annotator "NA COMBH"]
[PlyCount "99"]
[EventDate "2023.12.04"]
[EventType "swiss"]
[EventCountry "IND"]
[SourceTitle "playchess.com"]
[Source "ChessBase"]
[SourceQuality "1"]
[TimeControl "5400+30"]

1. e4 c5 2. Nc3 d6 3. d4 cxd4 4. Qxd4 Nc6 5. Qd2 g6 6. b3 Bg7 7. Bb2 Nf6 8. O-O-O O-O 9. f3 a6 10. Kb1 Qa5 11. h4 Be6 12. Nge2 Rfd8 13. Nf4 d5 14. Ncxd5 Nxd5 15. Nxd5 Qxd2 16. Rxd2 Bxd5 17. Rxd5 Nb4 18. Rxd8+ Rxd8 19. Bxg7 Rd1+ 20. Kb2 Kxg7 21. g3 Re1 22. Kc3 Nxa2+ 23. Kd2 Rb1 24. Bg2 Rxh1 25. Bxh1 Nb4 26. f4 e5 27. Kc3 a5 28. fxe5 Nc6 29. Kc4 Nxe5+ 30. Kb5 Nc6 31. c3 Kf6 32. Kb6 Ne5 33. Kxb7 Nc4 34. Ka6 Nd2 35. Kxa5 Nxb3+ 36. Kb4 Nc1 37. c4 Ke5 38. c5 Nd3+ 39. Kb5 Nxc5 40. Kxc5 f5 41. exf5 g5 42. hxg5 Kxf5 43. Bf3 Kxg5 44. Kd4 Kf5 45. Ke3 Kg5 46. Kf2 Kf5 47. Kg2 Kg5 48. Kh3 h5 49. Bd1 h4 50. g4 1-0

[Event "36th Indian-ch U13 Open 2023"]
[Site "Secunderabad"]
[Date "2023.12.08"]
[Round "9.10"]
[White "Madhvendra Pratap Sharma"]
[Black "Pavan Karthikeya Varma Gunturi"]
[Result "1/2-1/2"]
[ECO "C54"]
[WhiteElo "1803"]
[BlackElo "1538"]
[Annotator "NA COMBH"]
[PlyCount "64"]
[EventDate "2023.12.04"]
[EventType "swiss"]
[EventCountry "IND"]
[SourceTitle "playchess.com"]
[Source "ChessBase"]
[SourceQuality "1"]
[TimeControl "5400+30"]

1. e4 e5 2. Nf3 Nc6 3. Bc4 Nf6 4. d3 Bc5 5. c3 a6 6. O-O Ba7 7. a4 d6 8. Nbd2 O-O 9. Bb3 h6 10. h3 Re8 11. Re1 Be6 12. Bc2 Ne7 13. Nf1 Ng6 14. Ng3 d5 15. Be3 Bxe3 16. Rxe3 c5 17. d4 cxd4 18. cxd4 exd4 19. Nxd4 dxe4 20. Nxe6 Rxe6 21. Nxe4 Rc8 22. Qxd8+ Rxd8 23. Nxf6+ Rxf6 24. Rd1 Rxd1+ 25. Bxd1 Kf8 26. Rb3 b6 27. Be2 a5 28. Re3 Re6 29. Rxe6 fxe6 30. Kh2 Ke7 31. Kg3 Kf6 32. f3 Ne7 1/2-1/2

[Event "36th Indian-ch U13 Open 2023"]
[Site "Secunderabad"]
[Date "2023.12.09"]
[Round "10.1"]
[White "Sharnarthi Viresh"]
[Black "Venkat, Raghav"]
[Result "0-1"]
[ECO "E19"]
[WhiteElo "1850"]
[BlackElo "2205"]
[Annotator "RC"]
[PlyCount "170"]
[EventDate "2023.12.04"]
[EventType "swiss"]
[EventCountry "IND"]
[SourceTitle "playchess.com"]
[Source "ChessBase"]
[SourceQuality "1"]
[TimeControl "5400+30"]

1. d4 Nf6 2. Nf3 e6 3. g3 b6 4. Bg2 Bb7 5. O-O Be7 6. c4 O-O 7. Nc3 Ne4 8. Qc2 Nxc3 9. Qxc3 d6 10. Qc2 f5 11. d5 e5 12. Bd2 a5 13. Bc3 Nd7 14. Bh3 g6 15. e4 Nc5 16. exf5 Bc8 17. g4 h5 18. Kh1 hxg4 19. Bxg4 Bxf5 20. Bxf5 Rxf5 21. Rg1 Kf7 22. Rae1 Bf6 23. Rg3 Qh8 24. Nd2 Bg5 25. Ne4 Nxe4 26. Rxe4 Qh5 27. Qe2 Bf4 28. Rg2 Rh8 29. f3 Qh6 30. Qf2 Rh5 31. Re2 Bxh2 32. Rxh2 Rxh2+ 33. Qxh2 Qc1+ 34. Re1 Rxh2+ 35. Kxh2 Qf4+ 36. Kg2 Qxc4 37. Rh1 Kg7 38. Re1 Qxd5 39. Kf2 b5 40. b3 b4 41. Bb2 Kf7 42. Re4 Qd2+ 43. Re2 Qd1 44. Re1 Qc2+ 45. Re2 Qb1 46. a3 bxa3 47. Bxa3 Qxb3 48. Re3 Qa2+ 49. Kg3 Qd2 50. Rb3 Qd5 51. Rc3 c5 52. Re3 a4 53. f4 Qd4 54. Kf3 Qxf4+ 55. Ke2 Ke6 56. Rf3 Qg4 57. Kf2 e4 58. Rc3 Qf4+ 59. Ke2 g5 60. Bc1 Qh2+ 61. Kd1 g4 62. Rc4 Qh1+ 63. Kc2 g3 64. Rxa4 g2 65. Be3 g1=Q 66. Bxg1 Qxg1 67. Rxe4+ Kd5 68. Re2 Kc4 69. Re4+ Qd4 70. Rxd4+ Kxd4 71. Kd2 c4 72. Kc2 Ke3 73. Kc3 d5 74. Kc2 d4 75. Kd1 d3 76. Ke1 c3 77. Kd1 Kf2 78. Kc1 Ke2 79. Kb1 Kd2 80. Ka2 c2 81. Kb3 c1=Q 82. Kb4 Qc6 83. Kb3 Qb5+ 84. Ka3 Kc3 85. Ka2 Qb2# 0-1

[Event "36th Indian-ch U13 Open 2023"]
[Site "Secunderabad"]
[Date "2023.12.09"]
[Round "10.2"]
[White "Siddhanth Poonja"]
[Black "Sriram Adarsh Uppala"]
[Result "0-1"]
[ECO "D00"]
[WhiteElo "1806"]
[BlackElo "1902"]
[Annotator "RC"]
[PlyCount "139"]
[EventDate "2023.12.04"]
[EventType "swiss"]
[EventCountry "IND"]
[SourceTitle "playchess.com"]
[Source "ChessBase"]
[SourceQuality "1"]
[TimeControl "5400+30"]

1. d4 Nf6 2. Nc3 d5 3. Bf4 e6 4. Nb5 Bb4+ 5. c3 Ba5 6. e3 a6 7. Na3 Qe7 8. Nc2 O-O 9. Nf3 c5 10. Be2 Bc7 11. O-O Ne4 12. Be5 Bd6 13. Bxd6 Qd7 14. Bc7 Qxc7 15. Bd3 Nf6 16. Ne5 c4 17. Be2 Ne4 18. f3 Nd6 19. Re1 Nd7 20. Ng4 b5 21. Bf1 Bb7 22. g3 Rfe8 23. Bg2 a5 24. e4 dxe4 25. fxe4 e5 26. Qd2 f6 27. Rad1 Rad8 28. Nf2 Nf8 29. Qc1 Nf7 30. Ne3 Ne6 31. d5 Nc5 32. h4 Bc8 33. Qc2 Nd6 34. b4 axb4 35. cxb4 Na4 36. Bf1 Bd7 37. g4 Ra8 38. Be2 Nb6 39. Qb2 Qa7 40. Ra1 Rec8 41. a3 Rc7 42. Bd1 Nbc8 43. Bf3 Ne7 44. h5 Qd4 45. Qc2 Rca7 46. Qe2 Nec8 47. Nc2 Qb6 48. Qe3 Qd8 49. h6 g5 50. Kg2 Ne7 51. Qc3 Ng6 52. Kg3 Nf4 53. Nh3 Nf7 54. Rh1 Kh8 55. Ne3 Nd6 56. Kf2 Qb6 57. Ke1 Nd3+ 58. Kd2 Qd4 59. Qxd4 exd4 60. Nc2 Ne5 61. Nxd4 Rxa3 62. Rxa3 Rxa3 63. Be2 Nxe4+ 64. Kc2 Ra2+ 65. Kb1 Nc3+ 66. Kc1 Ra1+ 67. Kd2 Rxh1 68. Nf2 Rh2 69. Ke3 Nxd5+ 70. Kd2 0-1